 Dungeon Crawl Stone Soup version 0.29-a0-275-g389c0b56f3 (webtiles) character file.

Game seed: 16073448327639722720

2622 horus123 the Jinx (level 9, -1/45 HPs)
             Began as a Deep Elf Conjurer on Mar 12, 2022.
             Shot with a sling bullet by Joseph (11 damage)
             ... on level 7 of the Dungeon.
             The game lasted 00:16:27 (7842 turns).

horus123 the Jinx (Deep Elf Conjurer)               Turns: 7842, Time: 00:16:29

Health: -1/45      AC: 11    Str:  4    XL:     9   Next: 34%
Magic:  5/34       EV: 16    Int: 32    God:
Gold:   222        SH:  0    Dex: 13    Spells: 5/28 levels left

rFire   + + .      SeeInvis .   p - +5 falchion of Ryalis {holy, rPois rF++}
rCold   x . .      Faith    +   (no shield)
rNeg    + . .      Spirit   .   u - +0 steam dragon scales
rPois   +          Reflect  .   j - +0 helmet
rElec   .          Harm     .   l - +2 cloak
rCorr   .          Rampage  .   w - +1 pair of gloves
Will    +++..                   (no boots)
Stlth   ++........              m - amulet of faith
HPRegen 0.15/turn               y - ring of magical power
MPRegen 0.24/turn               t - ring "Suomeog" {rC- rN+ Will+++ EV+4 Int+4}

@: no status effects
A: no striking features
a: no special abilities


You were on level 7 of the Dungeon.
You visited 1 branch of the dungeon, and saw 7 of its levels.

You collected 352 gold pieces.
You spent 130 gold pieces at shops.

Inventory:

Hand Weapons
 p - the +5 falchion of Ryalis (weapon) {holy, rPois rF++}
   (You found it on level 3 of the Dungeon)

   It has been blessed by the Shining One to cause great damage to the undead
   and demons.
   rF:        It greatly protects you from fire.
   rPois:     It protects you from poison.
Armour
 j - a +0 helmet (worn)
 l - a +2 cloak (worn)
 u - +0 steam dragon scales (worn)
 w - a +1 pair of gloves (worn)
Magical Staves
 c - a staff of fire
Jewellery
 e - a +6 ring of dexterity
 k - a +4 ring of protection
 m - an amulet of faith (around neck)
 n - a ring of ice
 t - the ring "Suomeog" (right hand) {rC- rN+ Will+++ EV+4 Int+4}
   (You found it on level 4 of the Dungeon)

   [ring of evasion]

   EV:        It affects your evasion (+4).
   Int:       It affects your intelligence (+4).
   rC:        It makes you vulnerable to cold.
   rN:        It protects you from negative energy.
   Will:      It greatly increases your willpower.
 y - a ring of magical power (left hand)
Wands
 o - a wand of mindburst (17)
 B - a wand of paralysis (3)
Scrolls
 h - 2 scrolls of teleportation
 q - a scroll of enchant weapon
 s - 2 scrolls of blinking
 v - 3 scrolls of fog
Potions
 b - 2 potions of magic
 d - 3 potions of berserk rage
 f - 4 potions of haste
 g - 2 potions of attraction
 i - 2 potions of curing
 r - a potion of flight {unknown}
 x - 2 potions of brilliance {unknown}
 z - a potion of might {unknown}


   Skills:
 - Level 2.4 Dodging
 - Level 2.4 Stealth
 - Level 10.0 Spellcasting
 - Level 7.0 Conjurations
 - Level 10.4 Hexes
 + Level 4.7 Transmutations


You had 5 spell levels left.
You knew the following spells:

 Your Spells              Type           Power      Damage    Failure   Level
a - Magic Dart            Conj           100%       1d8       1%          1
b - Searing Ray           Conj           100%       2d8       1%          2
c - Stone Arrow           Conj/Erth      76%        3d11      2%          3
d - Slow                  Hex            100%       N/A       1%          1
e - Yara's Violent Unrav  Hex/Tmut       29%        3d12      3%          5
f - Fulminant Prism       Conj/Hex       32%        3d16      1%          4
g - Tukima's Dance        Hex            70%        N/A       1%          3
h - Iskenderun's Mystic   Conj/Tloc      38%        2d9       7%          4

Your spell library contained the following spells:

 Spells                   Type           Power      Damage    Failure   Level
 Ensorcelled Hibernation  Hex/Ice        98%        N/A       1%          2
 Passwall                 Tmut/Erth      25%        N/A       1%          2
 Confusing Touch          Hex            70%        N/A       1%          3
 Dazzling Flash           Conj/Hex       100%       N/A       1%          3
 Swiftness                Air            16%        N/A       9%          3
 Vampiric Draining        Necr           16%        2d7       9%          3
 Passage of Golubria      Tloc           16%        N/A       30%         4
 Summon Lightning Spire   Summ/Air       16%        N/A       30%         4
 Storm Form               Tmut/Air       15%        N/A       100%        7
 Maxwell's Capacitive Co  Air            8%         ∞         100%        8
 Shatter                  Erth           8%         3d10*     100%        9


Dungeon Overview and Level Annotations

Branches:
Dungeon (7/15)
 Temple: D:4-7

Altars:
Zin
Beogh

Shops:
D:2 (   D:5 [*[=:

Annotations:
D:7 Joseph


Message History

Casting: Stone Arrow (dangerous; 2% risk of failure)
Confirm with . or Enter, or press ? or * to list all spells.
Aiming: Stone Arrow (dangerous; 2% risk of failure)
Press: ? - help, Shift-Dir - straight line, f/p - Joseph
Aim: Joseph, wielding a +0 hunting sling and wearing a +0 leather armour (heavily wounded, 74% to hit)
The stone arrow hits the killer bee!
You kill the killer bee!
Joseph shoots a sling bullet.
The sling bullet hits you!
Casting: Stone Arrow (dangerous; 2% risk of failure)
Confirm with . or Enter, or press ? or * to list all spells.
Aiming: Stone Arrow (dangerous; 2% risk of failure)
Press: ? - help, Shift-Dir - straight line, f/p - Joseph
Aim: Joseph, wielding a +0 hunting sling and wearing a +0 leather armour (heavily wounded, 74% to hit)
The stone arrow hits Joseph!
Joseph is severely wounded.
Casting: Stone Arrow (dangerous; 2% risk of failure)
Confirm with . or Enter, or press ? or * to list all spells.
Aiming: Stone Arrow (dangerous; 2% risk of failure)
Press: ? - help, Shift-Dir - straight line, f/p - Joseph
Aim: Joseph, wielding a +0 hunting sling and wearing a +0 leather armour (severely wounded, 74% to hit)
The stone arrow misses Joseph.
Joseph shoots a sling bullet.
The sling bullet hits you!
Casting: Stone Arrow (dangerous; 2% risk of failure)
Confirm with . or Enter, or press ? or * to list all spells.
Aiming: Stone Arrow (dangerous; 2% risk of failure)
Press: ? - help, Shift-Dir - straight line, f/p - Joseph
Aim: Joseph, wielding a +0 hunting sling and wearing a +0 leather armour (severely wounded, 74% to hit)
The stone arrow hits Joseph!
Joseph is severely wounded.
Joseph shoots a sling bullet.
The sling bullet hits you!
* * * LOW HITPOINT WARNING * * *
Casting: Stone Arrow (dangerous; 2% risk of failure)
Confirm with . or Enter, or press ? or * to list all spells.
Aiming: Stone Arrow (dangerous; 2% risk of failure)
Press: ? - help, Shift-Dir - straight line, f/p - Joseph
Aim: Joseph, wielding a +0 hunting sling and wearing a +0 leather armour (severely wounded, 74% to hit)
The stone arrow hits Joseph!
Joseph is almost dead.
Joseph shoots a sling bullet.
The sling bullet hits you!
You die...

#. #. #.##
#... #..# .
##..####...
#..)...)...
#@)@[....
#..[)...##
#.#######
#. #. #. #.
#.


You could see Joseph.

Vanquished Creatures
  Maggie (D:6)
  Menkaure (D:6)
  A water moccasin (D:6)
  2 orc warriors (D:5)
  An ice beast (D:5)
  2 sky beasts (D:6)
  5 ogres
  2 black bears
  A bullfrog (D:6)
  3 scorpions
  Dowan (D:7)
  3 killer bees
  3 hounds
  2 jellies
  3 orc priests
  An iguana (D:5)
  5 orc wizards
  7 adders
  2 shadow imps
  2 white imps
  An ufetubus (D:6)
  5 dart slugs
  31 orcs
  6 ball pythons
  6 endoplasms
  15 giant cockroaches
  8 goblins
  6 hobgoblins
  8 jackals
  3 quokkas
  4 bats
  4 frilled lizards
  9 kobolds
  4 rats
158 creatures vanquished.

Vanquished Creatures (others)
  2 fulminant prisms
2 creatures vanquished.

Grand Total: 160 creatures vanquished

Notes
Turn   | Place    | Note
-------+----------+-------------------------------------------
     0 | D:1      | horus123 the Deep Elf Conjurer began the quest for the Orb.
     0 | D:1      | Reached XP level 1. HP: 10/10 MP: 6/6
   294 | D:1      | Reached XP level 2. HP: 15/15 MP: 6/9
   452 | D:1      | Learned a level 2 spell: Searing Ray
  1029 | D:1      | Reached XP level 3. HP: 19/19 MP: 7/11
  1060 | D:1      | Found a faded altar of an unknown god.
  1086 | D:1      | Reached skill level 5 in Spellcasting
  1319 | D:2      | Found Godid's Antique Weapon Boutique.
  1931 | D:2      | Reached XP level 4. HP: 24/24 MP: 9/13
  2732 | D:3      | Identified a scroll of acquirement
  2732 | D:3      | Acquired the Compendium of Execration and Stones
  2738 | D:3      | Learned a level 3 spell: Stone Arrow
  2790 | D:3      | Identified the +5 falchion of Ryalis {holy, rPois rF++}
  3009 | D:3      | Found a glowing silver altar of Zin.
  3269 | D:4      | Learned a level 1 spell: Slow
  3378 | D:4      | Identified the ring "Suomeog" {rC- rN+ Will+++ EV+4 Int+4}
  3409 | D:4      | Reached XP level 5. HP: 23/28 MP: 10/16
  3851 | D:4      | Learned a level 5 spell: Yara's Violent Unravelling
  3916 | D:4      | Reached XP level 6. HP: 32/32 MP: 12/19
  4054 | D:5      | Entered Level 5 of the Dungeon
  4133 | D:5      | Found Pixkaw's Book Boutique.
  4147 | D:5      | Found Jufukiv's Antique Armour Shoppe.
  4155 | D:5      | Bought a pair of gloves for 130 gold pieces
  4320 | D:5      | Noticed an ice beast
  4325 | D:5      | Killed an ice beast
  4326 | D:5      | Reached skill level 10 in Spellcasting
  4391 | D:5      | Reached skill level 5 in Conjurations
  4391 | D:5      | Reached XP level 7. HP: 36/36 MP: 15/22
  4519 | D:5      | Found a runed translucent door.
  5071 | D:5      | Found Aganekk's General Store.
  5124 | D:5      | Reached XP level 8. HP: 41/41 MP: 24/24
  5179 | D:5      | Identified the +8 hunting sling of Paana {venom, rPois}
  5257 | D:5      | Reached skill level 5 in Hexes
  5380 | D:5      | Learned a level 4 spell: Fulminant Prism
  5601 | D:5      | Found Qixkep's Antique Armour Shoppe.
  5633 | D:5      | Found Piririd's Jewellery Shop.
  5781 | D:6      | Noticed Menkaure
  5787 | D:6      | Killed Menkaure
  6135 | D:6      | Noticed Maggie
  6165 | D:6      | Killed Maggie
  6520 | D:6      | Reached skill level 10 in Hexes
  6520 | D:6      | Reached XP level 9. HP: 33/45 MP: 25/25
  6670 | D:6      | Reached skill level 1 in Transmutations
  7507 | D:7      | Noticed Dowan
  7508 | D:7      | Noticed Joseph
  7720 | D:6      | Learned a level 3 spell: Tukima's Dance
  7725 | D:6      | Learned a level 4 spell: Iskenderun's Mystic Blast
  7828 | D:7      | Killed Dowan
  7842 | D:7      | Shot with a sling bullet by Joseph

Illustrated notes

Levels and vault maps discovered:
D:1:      lemuel_arrival_tunnels, layout_loops_ring,
          shapermc_ecumenical_altar_pompeii
D:2:      minmay_roachtagon, layout_basic, serial_shops, shop, st_stairs_3
D:3:      layout_rooms, zin_scriptorium, minmay_misc_feat_hallway
D:4:      layout_rooms
D:5:      layout_basic, serial_shops, shop, shop, nicolae_shop_advertising_works
          [nicolae_subvault_shop_adworks], nicolae_shop_window_shopping,
          nicolae_diamond_shop, lightli_church_of_beogh
D:6:      layout_layer_cave, uniq_maggie, uniq_menkaure
D:7:      layout_basic, gammafunk_temple_overflow_arena,
          nicolae_vehumet_radiance, minmay_temple_entry_stoned_glass,
          item_on_display_a, uniq_joseph, uniq_duvessa

Skill      XL: |  1  2  3  4  5  6  7  8  9 |
---------------+----------------------------+-----
Spellcasting   | 4 5 7 8 10 | 10.0
Conjurations   | 5 7 |  7.0
Hexes          | 4 10 | 10.4
Transmutations | 4 |  4.7
Dodging        | |  2.4
Stealth        | |  2.4

Action                   |  1- 3 |  4- 6 |  7- 9 || total
-------------------------+-------+-------+-------++-------
Melee: Falchion          |       |     4 |       ||     4
 Cast: Magic Dart        |    84 |   101 |   118 ||   303
       Searing Ray       |     1 |     6 |    12 ||    19
       Stone Arrow       |       |     2 |    49 ||    51
       Fulminant Prism   |       |       |     2 ||     2
  Use: Scroll            |     7 |     7 |     5 ||    19
 Stab: Sleeping          |       |     1 |       ||     1
Armor: Robe              |     5 |     3 |     3 ||    11
       Steam dragon scal |       |       |     5 ||     5
Dodge: Dodged            |     8 |     7 |    42 ||    57

Table legend: (Time is in decaauts)
 A = Elapsed time spent in this place.
 B = Non-inter-level travel time spent in this place.
 C = Inter-level travel time spent in this place.
 D = Time resting spent in this place.
 E = Time spent auto-exploring this place.
 F = Levels seen in this place.
 G = Mean time per level.
                   A        B        C        D        E       F      G
               +--------+--------+--------+--------+--------+-----+--------+
         Total |   7839 |   7672 |    167 |   1176 |   5483 |   7 | 1119.9 |
       Dungeon |   7839 |   7672 |    167 |   1176 |   5483 |   7 | 1119.9 |
               +--------+--------+--------+--------+--------+-----+--------+

Top non-repeatable levels by time:
     D:6: 2046 daAuts
     D:5: 1712 daAuts
     D:2: 1357 daAuts
     D:1: 1139 daAuts
     D:3: 780 daAuts
     D:4: 774 daAuts
     D:7: 28 daAuts
